AoeStats
← beneath mariana

Black Forest

503218118Analyzed
4v4 RM · 1mo ago on Aug 30, 2026· 50m 3s· 8 players
Game mode
Random Map
Map size
Large (8 player)
Population
200
Speed
Normal
Resources
Standard
Victory
Conquest
Starting age
Dark Age
Ending age
Imperial Age
RankedLock teamsTeams togetherTeam positionsShared explorationLock speedFull tech treeHidden civsTurbo modeCheats
Victory
Defeat
🇫🇮 Sicilians · Finland
1426
+18
🇨🇳 Bohemians · China
1414
+19
🇨🇳 Georgians · China
1412
+19
🇨🇦 Aztecs · Canada
1375
+20
🇮🇳 Teutons · India
1563
-23
🇷🇺 Muisca · Russia
1559
-23
🇬🇧 Saracens · United Kingdom
1386
-15
🇬🇧 Tatars · United Kingdom
1386
-15
儒门_重农抑商
6:17 Loom
8:55 Feudal Age
35:43 Double-Bit Axe
37:58 Scale Mail Armor
38:08 Forging
40:31 Castle Age
41:02 Wheelbarrow
40:12 Town Watch
40:27 Man-at-Arms
42:02 Bow Saw
42:30 Long Swordsman
43:10 Squires
42:52 Long Swordsman
50:07 Imperial Age
49:16 Hand Cart
49:08 Padded Archer Armor
48:50 Horse Collar
49:27 Treadmill Crane
50:08 Ballistics
50:48 Chemistry
Grand.Saladier
2:35 Loom
11:12 Feudal Age
16:07 Castle Age
14:11 Horse Collar
15:00 Gold Mining
16:59 Double-Bit Axe
22:09 Heavy Plow
25:02 Bow Saw
25:58 Fletching
26:43 Eagle Warrior
28:44 Forging
29:49 Wheelbarrow
30:31 Squires
31:20 Iron Casting
32:14 Scale Mail Armor
33:28 Chain Mail Armor
37:49 Imperial Age
35:38 Arson
35:46 Gambesons
35:51 Arson
36:49 Fortified Wall
37:52 Elite Eagle Warrior
39:17 Plate Mail Armor
39:47 Blast Furnace
40:31 Garland Wars
40:31 Conscription
40:59 Hand Cart
40:30 Town Watch
41:44 Gold Shaft Mining
46:52 Man-at-Arms
47:32 Long Swordsman
48:26 Two-Handed Swordsman
49:16 Champion
beneath mariana
3:50 Loom
10:33 Feudal Age
11:55 Double-Bit Axe
14:30 Castle Age
12:37 Horse Collar
16:37 Bow Saw
23:16 Town Watch
24:08 Wheelbarrow
25:39 Gold Mining
27:16 Fletching
27:40 Stone Mining
28:06 Bodkin Arrow
29:57 Coinage
33:15 Imperial Age
30:33 Treadmill Crane
31:04 Masonry
31:23 Hand Cart
31:24 Guard Tower
31:55 Ballistics
32:16 Padded Archer Armor
32:32 Caravan
32:54 Svan Towers
32:53 Devotion
33:22 Scale Barding Armor
33:35 Forging
34:07 Bloodlines
33:57 Husbandry
34:18 Conscription
34:35 Banking
34:16 Guilds
34:08 Bracer
34:00 Arrowslits
35:15 Chemistry
34:51 Keep
34:02 Light Cavalry
35:47 Fortified Wall
36:07 Architecture
36:07 Leather Archer Armor
36:04 Forging
36:37 Murder Holes
36:49 Heavy Plow
37:12 Chain Barding Armor
38:04 Iron Casting
38:09 Hoardings
39:07 Plate Barding Armor
40:49 Blast Furnace
40:33 Keep
40:03 Siege Engineers
40:31 Architecture
40:13 Fortified Wall
39:33 Hussar
40:58 Leather Archer Armor
43:47 Onager
45:05 Aznauri Cavalry
45:58 Scale Mail Armor
46:56 Elite Monaspa
48:16 Cavalier
Frank
10:28 Feudal Age
9:47 Loom
11:41 Double-Bit Axe
14:03 Castle Age
14:58 Bow Saw
15:32 Horse Collar
21:37 Wheelbarrow
23:12 Stone Mining
26:00 Hand Cart
25:35 Gold Mining
29:13 Imperial Age
28:04 Coinage
27:55 Fletching
29:30 Onager
30:09 Town Watch
30:32 Siege Engineers
31:03 First Crusade
31:09 Heavy Plow
30:59 Elite Serjeant
32:28 Squires
32:42 Bodkin Arrow
33:00 Siege Onager
35:07 Chemistry
34:19 Forging
34:34 Town Patrol
35:13 Bracer
35:00 Arrowslits
35:49 Conscription
35:59 Scale Mail Armor
37:05 Iron Casting
37:07 Hoardings
37:03 Chain Mail Armor
38:54 Ballistics
40:04 Plate Mail Armor
41:28 Blast Furnace
40:28 Arson
41:38 Devotion
43:11 Banking
48:53 Masonry
Iguanarama
8:37 Loom
11:43 Feudal Age
12:38 Double-Bit Axe
13:19 Fletching
28:02 Wheelbarrow
27:19 Horse Collar
31:30 Castle Age
30:16 Stone Mining
31:05 Padded Archer Armor
31:07 Gold Mining
35:29 Leather Archer Armor
39:53 Bow Saw
45:46 Hand Cart
45:17 Town Watch
47:10 Heavy Plow
48:07 Scale Mail Armor
48:17 Forging
51:57 Imperial Age
MythicKilobyte
5:46 Loom
11:25 Feudal Age
12:39 Double-Bit Axe
15:31 Castle Age
13:25 Horse Collar
13:36 Double-Bit Axe
14:35 Horse Collar
15:19 Fletching
16:18 Heavy Plow
16:42 Bow Saw
22:33 Bodkin Arrow
25:51 Wheelbarrow
25:27 Padded Archer Armor
26:37 Ballistics
26:29 Bloodlines
26:20 Husbandry
26:20 Gold Mining
29:10 Hand Cart
30:23 Gold Shaft Mining
29:42 Stone Mining
33:02 Imperial Age
30:26 Town Watch
33:24 Leather Archer Armor
33:05 Heavy Cavalry Archer
33:48 Bracer
34:51 Chemistry
34:49 Ring Archer Armor
36:33 Treadmill Crane
37:31 Masonry
38:16 Conscription
38:14 Timurid Siegecraft
38:07 Silk Armor
40:33 Onager
43:58 Siege Engineers
43:50 Murder Holes
45:01 Crop Rotation
TheSleepyBishop
10:09 Feudal Age
14:48 Castle Age
12:39 Horse Collar
12:49 Double-Bit Axe
15:59 Wheelbarrow
15:50 Bow Saw
15:46 Loom
15:58 Gold Mining
19:04 Atonement
21:25 Redemption
22:40 Wheelbarrow
24:03 Devotion
28:03 Imperial Age
26:18 Heavy Plow
28:55 Sanctity
29:03 Block Printing
29:23 Theocracy
28:45 Town Watch
29:36 Illumination
29:38 Fervor
30:51 Forging
34:57 Conscription
34:42 Scale Mail Armor
35:17 Iron Casting
35:29 Iron Casting
35:47 Theocracy
36:12 Chain Mail Armor
38:00 Blast Furnace
37:34 Elite Teutonic Knight
38:53 Plate Mail Armor
39:54 Hand Cart
41:01 Ironclad
41:50 Chemistry
40:55 Siege Engineers
41:08 Siege Engineers
41:14 Masonry
41:50 Hoardings
41:12 Fletching
43:40 Crenellations
43:30 Bodkin Arrow
45:52 Ballistics
46:56 Squires
46:41 Arson
49:08 Two-Man Saw
Mr.Haloka
5:26 Loom
15:36 Feudal Age
24:18 Castle Age
22:21 Champi Runner
23:12 Forging
25:29 Squires
27:16 Devotion
33:01 Double-Bit Axe
32:56 Horse Collar
35:26 Bow Saw
35:17 Heavy Plow
36:28 Scale Mail Armor
39:17 Chain Mail Armor
40:09 Wheelbarrow
Connection lost

Rejoining the realm…

Still unreachable

The connection could not be restored.

Session expired

The server has moved on; the page needs a fresh start.